 Dungeon Crawl Stone Soup version 0.22-a0-553-g9358b0b (webtiles) character file.

144 Amnesiac the Cutter (level 5, -1/40 HPs)
             Began as a Vine Stalker Berserker on June 25, 2018.
             Was a Believer of Trog.
             Slain by a gnoll
             ... wielding a +0 spear
              (6 damage)
             ... on level 3 of the Dungeon.
             The game lasted 00:01:38 (1900 turns).

Amnesiac the Cutter (Vine Stalker Berserker)        Turns: 1900, Time: 00:01:38

Health: -1/40      AC:  5    Str: 29    XL:     5   Next: 26%
Magic:  0/6        EV: 11    Int:  7    God:    Trog [**....]
Gold:   121        SH:  0    Dex: 14    Spells: 4/4 levels left

rFire    . . .     SeeInvis .   a - +0 short sword
rCold    . . .     Gourm    .   (no shield)
rNeg     . . .     Faith    .   m - +0 ring mail
rPois    .         Spirit   +   (no helmet)
rElec    .         Reflect  .   (no cloak)
rCorr    .         Harm     .   (no gloves)
MR       .....                  (no boots)
Stlth    ..........             (no amulet)
HPRegen  0.53/turn              f - +4 ring of strength
MPRegen  0.10/turn              (no ring)

@: berserking (expiring), starving, very quick
A: fangs 2, regeneration 1, magic shield, antimagic bite, no potion heal 3, rot
immunity
a: Berserk, Trog's Hand, Renounce Religion


You were on level 3 of the Dungeon.
You worshipped Trog.
Trog was pleased with you.
You were starving.

You visited 1 branch of the dungeon, and saw 3 of its levels.

You collected 121 gold pieces.

Inventory:

Hand Weapons
 a - a +0 short sword (weapon)
Armour
 b - a +0 animal skin
 m - a +0 ring mail (worn)
Jewellery
 f - a +4 ring of strength (left hand)
Scrolls
 g - 2 scrolls of enchant armour {!r, unknown}
 h - 2 scrolls of remove curse {!r, unknown}
 k - 3 scrolls of enchant weapon {!r, unknown}
Potions
 d - a potion of flight {!q, unknown}
 e - 3 potions of curing {!q, unknown}
 i - a potion of degeneration {!q, unknown}
 j - a potion of agility {!q, unknown}
 l - a potion of invisibility {!q, unknown}
Comestibles
 c - 6 rations


   Skills:
 - Level 2.6 Fighting
 + Level 5.3 Short Blades
 - Level 1.5 Armour
 - Level 1.5 Dodging


You had 4 spell levels left.
You didn't know any spells.
Your spell library was empty.

Dungeon Overview and Level Annotations

Branches:
Dungeon (3/15)

Altars:
Ashenzari
Fedhas
Zin

Annotations:
D:3 3 runed doors, chorionicmirror's ghost, amateur FoFi


Innate Abilities, Weirdness & Mutations

You have extremely sharp teeth.
Your natural rate of healing is unusually fast.
When hurt, damage is shared between your health and your magic reserves.
Your bite disrupts and absorbs the magic of your enemies.
Potions cannot restore your health.
You are immune to rotting.


Message History

Trog accepts your kill.
A gnoll comes into view. It is wielding a whip.
A gnoll comes into view. It is wielding a spear.
The gnoll shouts!
You see here a bat corpse.
You butcher the bat corpse.
The gnoll closely misses you. The gnoll hits you but does no damage.
Things that are here:
a chunk of flesh; a bat skeleton
n - a chunk of flesh The gnoll closely misses you.
Eat a chunk of flesh? (ye/n/q)
You eat the chunk of flesh.
This raw flesh tastes terrible.
You are feeling hungry.
The gnoll hits you with a flail! The gnoll barely misses you.
You hit the gnoll.
The gnoll is moderately wounded.
The gnoll closely misses you.
You hit the gnoll.
The gnoll is moderately wounded.
The gnoll hits you from afar with a halberd.
You hit the gnoll.
The gnoll is moderately wounded.
The gnoll hits you with a flail.
* * * LOW HITPOINT WARNING * * *
The gnoll barely misses you.
There is an open door here.
A red film seems to cover your vision as you go berserk!
You feel yourself moving faster!
You feel mighty!
You are starving!
The gnoll hits you with a flail. The gnoll closely misses you.
Your ring mail prevents you from hitting the gnoll.
The gnoll is moderately wounded.
The gnoll hits you with a flail!
* * * LOW HITPOINT WARNING * * *
You barely miss the gnoll. You bite the gnoll, but do no damage.
The gnoll is moderately wounded.
The gnoll barely misses you.
You puncture the gnoll!
You kill the gnoll!
Trog accepts your kill.
You have reached level 5!
The gnoll hits you with a halberd.
* * * LOW HITPOINT WARNING * * *
You see here a flail.
You barely miss the gnoll. You hit the gnoll.
The gnoll is heavily wounded.
The gnoll hits you with a halberd.
* * * LOW HITPOINT WARNING * * *
You completely miss the gnoll.
You kill the gnoll!
Trog accepts your kill.
You hit the gnoll.
The gnoll is moderately wounded.
You barely miss the gnoll.
The gnoll is moderately wounded.
The gnoll hits you with a whip.
* * * LOW HITPOINT WARNING * * *
You hit the gnoll.
You kill the gnoll!
Trog accepts your kill.
The gnoll hits you from afar with a spear.
You die...

##.....<.## #.#.###
#.........###....####
+..>......'...........
#.........#........###
##.......##.#.......#
##.....###.#.#.##..#
## ##...## #.#.#.# ..#
.. ##'## #.#.#.# .# #.
#@# #.#.... # .#####.
#)# #.### # .......
##g## .......####...##
.......รท.......#
.......####...##
....... #..## #######
#.... ######


You could see a gnoll.

Vanquished Creatures
  Jessica (D:2)
  3 gnolls (D:3)
  3 adders (D:2)
  2 dart slugs
  A leopard gecko (D:2)
  2 ball pythons
  6 bats
  3 giant cockroaches (D:1)
  8 goblins
  6 hobgoblins
  6 jackals (D:1)
  6 kobolds
  5 rats
52 creatures vanquished.

Notes
Turn   | Place    | Note
-------+----------+-------------------------------------------
     0 | D:1      | Amnesiac the Vine Stalker Berserker began the quest for the Orb.
     0 | D:1      | Reached XP level 1. HP: 11/11 MP: 2/2
    65 | D:1      | Reached skill level 3 in Short Blades
   100 | D:1      | Reached XP level 2. HP: 11/16 MP: 3/3
   364 | D:1      | Reached XP level 3. HP: 15/19 MP: 2/4
   785 | D:2      | Reached skill level 4 in Short Blades
  1023 | D:2      | Noticed Jessica
  1027 | D:2      | Killed Jessica
  1027 | D:2      | Gained mutation: Your natural rate of healing is unusually fast. [Vine Stalker growth]
  1027 | D:2      | Reached XP level 4. HP: 21/23 MP: 5/5
  1097 | D:2      | Reached ** piety under Trog
  1594 | D:2      | Reached skill level 5 in Short Blades
  1648 | D:2      | Found a blossoming altar of Fedhas.
  1651 | D:2      | Found a shattered altar of Ashenzari.
  1652 | D:2      | Found a glowing silver altar of Zin.
  1807 | D:3      | Noticed chorionicmirror's ghost (amateur FoFi)
  1811 | D:3      | Found a runed gate.
  1811 | D:3      | Found a runed gate.
  1813 | D:3      | Found a runed gate.
  1893 | D:3      | Reached XP level 5. HP: 12/27 MP: 1/6
  1900 | D:3      | Slain by a gnoll

Vault maps used:
D:1:      roderic_crossed_star, grunt_decor_fettered
D:2:      minitemple, uniq_jessica
D:3:      gammafunk_ghost_split

Skill      XL: |  1  2  3  4 |
---------------+-------------+-----
Short Blades   | 3 4 5 |  5.3
Fighting       | |  2.6
Armour         | |  1.5
Dodging        | |  1.5

Action                   |  1- 3 |  4- 6 || total
-------------------------+-------+-------++-------
Melee: Short sword       |    89 |    65 ||   154
       Bite              |    28 |    15 ||    43
Invok: Berserk           |     1 |     1 ||     2
 Stab: Sleeping          |     1 |     1 ||     2
  Eat: Chunk             |     1 |     2 ||     3
Armor: Animal skin       |    24 |     4 ||    28
       Ring mail         |       |    11 ||    11
Dodge: Dodged            |    64 |    34 ||    98

Table legend:
 A = Spawn XP
 B = Non-spawn XP
 C = Spawn XP percentage of total XP
 D = Spawn monster count
 E = Non-spawn monster count
 F = Spawn count percentage of total count
 G = Total turns spent on level
                    A         B        C        D         E        F      G
               +---------+---------+-------+---------+---------+-------+---------
         Total |       0 |     206 |   0.0 |       0 |      52 |   0.0 |  1900
               +---------+---------+-------+---------+---------+-------+---------
           D:1 |       0 |      49 |   0.0 |       0 |      25 |   0.0 |   765
           D:2 |       0 |     110 |   0.0 |       0 |      22 |   0.0 |  1042
           D:3 |       0 |      47 |   0.0 |       0 |       5 |   0.0 |    93
               +---------+---------+-------+---------+---------+-------+---------
